Map: Thunderbird LE

Players

Harstem

  • Race: Protoss Protoss
  • League: Grandmaster
  • Spawn Location: 11:00

Lambo - Winner!

  • Race: Zerg Zerg
  • League: Master
  • Spawn Location: 5:00

Event: QLASH StarCraft II Invitational 2 Offline Finals

VOD

Have the link to the VOD?

Description

Time

  • Played on: July 27, 2019, 1:51 p.m.
  • Length: 21:31

All games in this series

Show
View Real Time Build Order
Export as new Build Order

Harstem Protoss 

Build Orders: 1 Gate Expand, Phoenix Opening, Zealot Archon 

Get SALT Encoding   

  12  0:00  Probe  
  13  0:13  Probe  
  14  0:19  Pylon  
  14  0:25  Probe  
  15  0:31  Assimilator  
  15  0:33  Probe  
  15  0:41  Probe  
  16  0:46  Gateway  
  17  0:51  Probe  
  18  1:03  Probe  
  19  1:15  Probe  
  20  1:23  Nexus  
  20  1:33  Cybernetics Core  
  20  1:36  Probe  
  21  1:41  Assimilator  
  21  1:48  Probe  
  21  1:50  Pylon  
  22  2:00  Adept, Probe  
  23  2:10  Warp Gate  
  23  2:12  Probe  
  26  2:21  Adept  
  26  2:22  Stargate  
  26  2:25  Probe  
  27  2:36  Probe  
  31  2:37  Probe  
  31  2:48  Probe  
  31  2:49  Probe  
  35  2:59  Phoenix  
  35  3:00  Probe  
  35  3:05  Probe  
  37  3:10  Gateway  
  39  3:13  Gateway  
  39  3:15  Twilight Council  
  39  3:18  Probe  
  39  3:19  Probe  
  39  3:30  Probe  
  39  3:31  Probe  
  41  3:35  Pylon  
  41  3:42  Probe  
  41  3:43  Probe  
  43  3:52  Probe x2  
  45  3:56  Nexus  
  45  3:57  Pylon, Robotics Facility  
  45  4:00  Probe  
  45  4:01  Probe  
  45  4:06  Forge  
  45  4:08  Probe  
  47  4:11  Probe  
  47  4:13  Assimilator  
  47  4:16  Assimilator  
  49  4:17  Sentry x2  
  49  4:21  Probe  
  49  4:23  Probe  
  55  4:29  Pylon  
  55  4:33  Probe  
  55  4:35  Probe  
  55  4:38  Warp Prism  
  55  4:40  Protoss Ground Weapons Level 1  
  55  4:42  Phoenix  
  55  4:45  Probe  
  58  4:47  Probe  
  58  4:48  Pylon  
  61  4:57  Probe  
  61  4:59  Probe  
  63  5:03  Pylon  
  63  5:06  Immortal  
  63  5:09  Probe x2  
  63  5:11  Probe  
  66  5:18  Probe, Assimilator  
  70  5:21  Probe  
  70  5:22  Assimilator  
  70  5:23  Probe  
  70  5:26  Probe  
  73  5:33  Probe  
  73  5:35  Probe x2, Pylon  
  75  5:36  Zealot  
  75  5:38  Zealot, Twilight Council  
  75  5:41  Observer  
  81  5:45  Probe  
  81  5:47  Probe  
  81  5:48  Probe  
  85  5:57  Immortal  
  85  5:58  Probe  
  85  6:00  Probe x2  
  85  6:01  Gateway  
  85  6:02  Gateway x2  
  85  6:04  Gateway  
  88  6:10  Probe  
  93  6:12  Probe x2  
  93  6:16  Pylon  
  95  6:18  Templar Archives  
  95  6:23  Pylon  
  95  6:34  Protoss Ground Weapons Level 2  
  95  6:42  Gateway  
  95  6:43  Gateway  
  95  6:45  Nexus  
  95  6:52  Probe  
  96  6:54  Charge  
  96  6:57  Pylon  
  96  6:58  Gateway, High Templar  
  96  6:59  High Templar x4  
  96  7:00  Immortal, Pylon, Psionic Storm  
  106  7:03  Pylon  
  106  7:08  Probe  
  111  7:19  Pylon  
  111  7:21  Probe  
  112  7:23  High Templar x2, Photon Cannon  
  112  7:24  Probe  
  112  7:26  Pylon  
  117  7:31  Photon Cannon, Archon  
  117  7:33  Photon Cannon  
  117  7:34  Zealot x5, Void Ray  
  117  7:36  Zealot  
  129  7:38  Pylon  
  119  7:49  Probe  
  119  7:51  Zealot  
  115  7:54  Zealot x3  
  120  7:59  Probe  
  120  8:00  Zealot x3  
  120  8:02  Probe  
  121  8:08  High Templar  
  121  8:09  High Templar  
  121  8:11  Probe  
  124  8:13  High Templar x2  
  124  8:14  Zealot x2  
  124  8:15  Archon  
  124  8:19  Zealot  
  134  8:20  Zealot  
  134  8:22  Zealot  
  134  8:28  Archon  
  134  8:29  Zealot x3  
  134  8:30  Warp Prism  
  140  8:36  Probe x2  
  140  8:39  Fleet Beacon  
  136  8:46  Photon Cannon  
  136  8:55  Void Ray  
  136  8:58  Zealot x2  
  136  8:59  High Templar x2  
  142  9:08  Archon  
  142  9:13  High Templar x2  
  142  9:14  Zealot  
  142  9:15  Zealot x3  
  154  9:21  Archon  
  154  9:23  Archon  
  154  9:24  Zealot  
  156  9:31  Zealot x2  
  153  9:36  Zealot x3  
  155  9:41  Pylon  
  155  9:45  Pylon x2  
  153  9:48  Photon Cannon  
  153  9:49  Observer  
  153  9:52  High Templar x2, Protoss Ground Weapons Level 3  
  154  9:53  Pylon  
  154  9:59  Probe  
  157  10:00  Pylon  
  157  10:01  Zealot x4  
  157  10:05  Observer  
  161  10:08  High Templar, Probe  
  163  10:14  Tempest  
  158  10:32  Stargate  
  158  10:34  Nexus  
  158  10:49  Tempest  
  158  10:52  Mothership  
  158  10:55  High Templar  
  156  10:59  Photon Cannon  
  156  11:00  Photon Cannon  
  156  11:01  Shield Battery  
  162  11:09  Probe  
  170  11:15  Tempest  
  167  11:29  High Templar  
  167  11:31  Zealot x5  
  167  11:32  Tempest  
  180  11:43  Protoss Air Weapons Level 1  
  180  11:44  Tempest  
  176  11:49  Shield Battery  
  176  11:51  Shield Battery  
  176  11:54  Probe  
  177  11:57  Probe  
  183  12:03  High Templar  
  183  12:04  High Templar  
  183  12:07  Zealot x6  
  183  12:08  Pylon  
  199  12:11  Archon  
  199  12:20  Oracle  
  200  12:24  Assimilator  
  200  12:28  Assimilator  
  200  12:32  Oracle  
  195  12:42  Photon Cannon  
  195  12:44  Photon Cannon  
  195  12:45  Photon Cannon  
  195  12:51  Protoss Shields Level 1  
  195  12:52  Nexus  
  195  12:57  Oracle  
  197  13:01  Zealot  
  195  13:08  Zealot, Pylon  
  195  13:09  Zealot  
  194  13:27  Zealot x3  
  200  13:45  Photon Cannon  
  200  13:47  Photon Cannon  
  200  13:48  Photon Cannon  
  198  13:58  Blink  
  193  14:04  Stalker x3  
  197  14:19  Protoss Air Weapons Level 2  
  197  14:21  Tempest  
  196  14:33  Stalker x2  
  192  14:47  Tempest  
  179  15:04  Tempest  
  171  15:10  Twilight Council  
  163  15:19  Stargate  
  163  15:21  Stalker x8  
  169  15:32  Stalker  
  169  15:39  Stalker  
  162  15:44  Stalker x3  
  162  15:45  Warp Prism, Stalker x5  
  168  15:50  Probe  
  168  15:51  Probe  
  168  15:59  High Templar  
  163  16:06  High Templar  
  165  16:12  High Templar x5, Protoss Shields Level 2  
  165  16:13  High Templar  
  165  16:15  Archon  
  165  16:16  Archon  
  171  16:25  Archon  
  171  16:29  Archon x2  
  165  16:34  Stalker x3  
  165  16:35  Tempest  
  154  16:53  Nexus  
  138  17:03  High Templar x3  
  138  17:08  Nexus  
  141  17:32  Zealot x5  
  151  17:41  Zealot x2  
  137  17:54  Stalker x2  
  137  17:56  Zealot  
  123  18:18  Zealot x2  
  123  18:19  Zealot x3  
Show
View Real Time Build Order
Export as new Build Order

Lambo Zerg - Winner!

Build Orders: Hatch First, Brood Lord Corruptor, Swarm Host 

Get SALT Encoding   

  12  0:00  Drone  
  13  0:12  Overlord  
  13  0:16  Drone  
  14  0:30  Drone x2  
  16  0:47  Hatchery  
  15  0:52  Drone  
  15  0:54  Drone  
  17  0:57  Drone  
  18  1:08  Extractor  
  17  1:12  Spawning Pool  
  17  1:15  Drone  
  17  1:18  Drone  
  18  1:27  Drone  
  19  1:38  Drone  
  20  1:48  Drone  
  21  1:58  Queen  
  21  1:59  Queen, Zergling x2  
  26  2:03  Drone  
  27  2:13  Overlord  
  27  2:18  Hatchery  
  26  2:23  Drone  
  26  2:24  Drone  
  28  2:33  Drone x2  
  28  2:34  Drone  
  31  2:41  Pneumatized Carapace  
  31  2:43  Drone  
  31  2:44  Overlord  
  32  2:53  Queen  
  32  2:58  Zergling x4  
  36  3:04  Zergling x2  
  37  3:10  Drone x2  
  37  3:11  Drone  
  40  3:15  Drone  
  40  3:16  Overlord  
  41  3:20  Drone  
  42  3:28  Overlord  
  42  3:32  Drone x2, Queen  
  46  3:38  Drone, Queen  
  49  3:42  Drone x3  
  49  3:45  Drone x2  
  49  3:46  Drone  
  55  3:53  Drone  
  56  3:56  Spore Crawler  
  56  3:57  Spore Crawler x2  
  56  3:58  Drone  
  56  3:59  Drone  
  55  4:04  Drone x3  
  58  4:11  Roach Warren  
  58  4:12  Drone  
  58  4:16  Extractor  
  58  4:17  Extractor  
  58  4:18  Overlord  
  58  4:19  Overlord  
  58  4:20  Lair  
  58  4:23  Overlord  
  59  4:25  Overlord  
  59  4:29  Overlord  
  59  4:31  Overlord  
  59  4:32  Overlord  
  59  4:41  Drone x7  
  59  4:45  Overlord  
  66  4:47  Drone  
  66  4:49  Drone, Evolution Chamber  
  66  4:50  Drone  
  69  4:52  Drone  
  69  4:54  Drone  
  69  4:57  Drone x2  
  72  5:01  Extractor  
  72  5:02  Drone x3, Extractor  
  72  5:04  Drone, Extractor  
  72  5:07  Zergling x4  
  74  5:08  Metabolic Boost  
  74  5:11  Drone x2  
  76  5:15  Drone, Zerg Missile Weapons Level 1  
  76  5:19  Overlord  
  77  5:26  Glial Reconstitution, Infestation Pit  
  76  5:29  Drone  
  76  5:31  Drone x3  
  76  5:34  Hatchery  
  79  5:37  Overlord  
  79  5:44  Roach x4  
  79  5:49  Roach x2  
  93  5:50  Roach  
  93  5:52  Overlord  
  93  5:58  Overlord  
  93  5:59  Drone, Baneling Nest  
  93  6:00  Overlord  
  93  6:03  Roach x2  
  97  6:06  Drone  
  98  6:14  Roach x6  
  110  6:19  Overlord  
  110  6:23  Nydus Network  
  109  6:36  Overlord  
  109  6:37  Overlord x2  
  109  6:43  Swarm Host x8  
  109  6:45  Overlord  
  133  6:51  Swarm Host x2, Overlord  
  139  6:56  Swarm Host  
  141  7:01  Overlord  
  141  7:07  Swarm Host  
  141  7:08  Swarm Host  
  147  7:12  Nydus Canal  
  147  7:14  Zergling x12  
  153  7:19  Overlord  
  153  7:21  Swarm Host x2  
  159  7:26  Nydus Canal, Zergling x12  
  165  7:34  Overlord  
  164  7:38  Roach  
  164  7:39  Roach x2  
  170  7:45  Nydus Canal  
  170  7:48  Swarm Host  
  170  7:49  Swarm Host x2  
  179  7:53  Overlord  
  180  7:58  Zergling x20  
  189  8:11  Hive  
  189  8:14  Spire  
  188  8:25  Extractor  
  188  8:26  Extractor  
  184  8:32  Centrifical Hooks, Zerg Melee Weapons Level 1  
  184  8:36  Evolution Chamber  
  184  8:40  Drone  
  184  8:41  Drone x5  
  186  8:43  Ravager  
  186  8:45  Queen  
  186  8:48  Overlord  
  189  9:03  Nydus Canal  
  189  9:17  Drone x4  
  189  9:24  Overlord  
  189  9:27  Nydus Canal  
  182  9:34  Greater Spire  
  182  9:35  Corruptor x4  
  186  9:43  Ravager  
  183  10:09  Zerg Missile Weapons Level 2  
  183  10:15  Nydus Canal  
  183  10:19  Overlord  
  180  10:34  Corruptor x3  
  186  10:55  Hatchery  
  185  11:04  Nydus Canal  
  185  11:08  Brood Lord x7  
  185  11:09  Overseer  
  199  11:13  Zerg Flyer Weapons Level 1  
  199  11:14  Zerg Melee Weapons Level 2  
  174  11:36  Corruptor  
  174  11:37  Corruptor x7  
  184  11:51  Corruptor x3  
  186  11:54  Queen x2  
  190  12:02  Overlord  
  190  12:06  Queen  
  192  12:13  Zergling x12  
  198  12:16  Overlord  
  198  12:17  Extractor x2  
  195  12:34  Corruptor  
  197  12:37  Pathogen Glands  
  197  12:38  Zerg Missile Weapons Level 3  
  197  12:39  Overseer  
  197  12:42  Roach  
  199  12:57  Nydus Canal  
  199  13:00  Corruptor  
  199  13:01  Corruptor  
  197  13:25  Nydus Canal  
  197  13:26  Zerg Flyer Weapons Level 2  
  197  13:34  Zerg Ground Armor Level 1  
  197  13:36  Hydralisk Den  
  197  13:37  Drone x3  
  193  14:11  Corruptor  
  193  14:12  Corruptor x4  
  193  14:13  Corruptor  
  193  14:15  Overseer  
  199  14:21  Spore Crawler x3, Corruptor x4  
  199  14:22  Spore Crawler x3  
  199  14:23  Corruptor x4  
  181  14:25  Spore Crawler  
  181  14:26  Brood Lord x2  
  181  14:27  Queen x3  
  181  14:29  Corruptor  
  181  14:30  Corruptor x3  
  178  14:32  Zergling x36  
  178  14:34  Neural Parasite  
  178  14:38  Corruptor x3  
  188  14:40  Overseer  
  188  15:04  Zergling x6  
  187  15:07  Overlord  
  181  15:16  Brood Lord  
  181  15:17  Brood Lord  
  181  15:19  Drone x3  
  182  15:21  Grooved Spines  
  182  15:27  Zergling x34  
  199  15:32  Baneling x2  
  168  15:48  Zergling x18  
  168  15:49  Queen x3, Zergling x4  
  173  15:57  Brood Lord x3  
  173  16:01  Baneling  
  173  16:02  Baneling x7  
  173  16:07  Baneling  
  173  16:08  Baneling x20  
  173  16:14  Zergling x2  
  173  16:15  Zergling x2  
  173  16:16  Baneling x6  
  170  16:25  Queen  
  161  16:29  Zergling x2  
  161  16:30  Zergling x16  
  168  16:33  Muscular Augments  
  167  16:45  Zergling x6  
  128  17:03  Brood Lord  
  128  17:04  Brood Lord  
  128  17:06  Brood Lord  
  128  17:07  Brood Lord  
  128  17:08  Brood Lord  
  138  17:19  Brood Lord  
  138  17:21  Baneling x4  
  140  17:30  Baneling x5  
  140  17:34  Brood Lord  
  142  17:46  Zergling x2  
  142  17:47  Zergling x6  
  126  18:12  Zergling x12  
  130  18:15  Zergling x2  
Tags
 
Add a new tag
Caveats
  • Supply blocks, unpowered buildings, or Contaminate may cause inaccurate times.
  • Supply counts are checked every 10 seconds.